Map: Prion Terraces

Players

LilDicky

  • Race: Terran Terran
  • League: Diamond

DarkTemplar - Winner!

  • Race: Protoss Protoss
  • League: Platinum

VOD

http://www.twitch.tv/tumescentpie

Description

Time

  • Played on: Dec. 6, 2015, 12:11 a.m.
  • Length: 12:23
Show
View Real Time Build Order
Export as new Build Order

LilDicky Terran 

Build Orders: MMM Bio 

Get SALT Encoding   

  12  0:01  SCV  
  13  0:14  SCV  
  14  0:20  Supply Depot  
  14  0:26  SCV  
  15  0:30  Refinery  
  15  0:42  SCV  
  16  0:45  Barracks  
  16  0:55  SCV  
  17  1:07  SCV  
  18  1:11  Supply Depot  
  18  1:19  SCV  
  19  1:31  SCV  
  21  1:43  Orbital Command  
  21  1:48  Marine  
  21  1:50  Factory  
  21  1:56  Barracks  
  21  2:03  Barracks  
  21  2:09  SCV, Marine  
  21  2:15  Refinery  
  23  2:21  SCV  
  24  2:25  Supply Depot  
  24  2:33  Barracks Reactor  
  24  2:36  SCV  
  25  2:45  Barracks Tech Lab  
  25  2:48  SCV, Widow Mine  
  28  2:53  Barracks Tech Lab  
  27  3:03  Stimpack  
  27  3:04  Marine  
  28  3:06  SCV  
  28  3:10  Marine x2  
  31  3:14  Combat Shields  
  31  3:15  Marine  
  31  3:18  SCV  
  33  3:20  Supply Depot  
  33  3:30  SCV, Marine x2  
  33  3:31  Marine  
  37  3:36  Supply Depot  
  37  3:39  Widow Mine  
  39  3:42  SCV  
  39  3:43  Marine  
  41  3:54  SCV  
  41  3:59  Marine x2  
  44  4:06  SCV  
  44  4:07  Marine  
  44  4:09  Starport  
  45  4:18  SCV  
  45  4:19  Marine x2  
  45  4:20  Marauder  
  50  4:31  SCV  
  49  4:42  Marine  
  49  4:43  Concussive Shells  
  55  4:51  SCV, Supply Depot  
  55  4:52  Medivac  
  53  4:53  Marauder  
  55  5:01  Marine x2  
  55  5:13  SCV, Marauder  
  58  5:17  Supply Depot  
  58  5:19  Marine x2, Marauder  
  62  5:27  SCV  
  63  5:35  Supply Depot  
  63  5:38  Marine, Widow Mine  
  63  5:39  Marauder, Medivac  
  63  6:11  Marauder, Marine x2  
  60  6:36  Marine  
  60  6:37  Marauder, Marine x2  
  60  6:38  SCV, Widow Mine  
  60  6:39  Medivac  
  68  6:50  SCV  
  67  6:55  Marauder  
  61  7:02  SCV  
  61  7:04  Marine x2  
  61  7:05  Marauder  
  59  7:15  SCV  
  60  7:16  Marauder  
  60  7:21  Marine  
  60  7:22  Marine  
  64  7:23  Command Center  
  64  7:25  Marine  
  65  7:30  Starport Reactor  
  65  7:37  Marine  
  65  7:39  Marine x2  
  65  7:43  Marine  
  70  7:44  SCV  
  70  7:50  Supply Depot  
  70  7:55  Marine  
  70  7:56  SCV  
  70  7:57  Marine x2  
  72  8:02  Marauder  
  74  8:08  Medivac  
  76  8:13  Marauder  
  76  8:15  Marine x2  
  76  8:17  Refinery  
  80  8:20  Supply Depot  
  80  8:23  Marauder  
  82  8:33  Marine x2  
  70  8:41  Marine  
  72  8:50  Marine  
  72  8:51  Marine  
  74  8:56  Orbital Command  
  74  9:00  Barracks  
  74  9:01  SCV  
  74  9:02  Barracks  
  69  9:12  Marine x2  
  24  9:49  Marine x3  
  24  9:50  Marauder x2  
  25  9:53  Marine  
  22  10:07  Marine x3  
  22  10:11  Marine x3  
  26  10:30  SCV  
  27  10:42  Marine x2  
  28  10:48  Marine  
  27  11:01  Medivac x2  
  27  11:02  SCV  
  27  11:03  SCV  
  33  11:23  Marine x2  
  33  11:24  Marine x4  
  37  11:41  Marine  
  37  11:42  Marauder  
  37  11:48  Marine x2  
  37  11:49  Marine  
Show
View Real Time Build Order
Export as new Build Order

DarkTemplar Protoss - Winner!

Build Orders:  

Get SALT Encoding   

  12  0:02  Probe (Chrono Boost)  
  13  0:13  Pylon  
  13  0:18  Probe (Chrono Boost)  
  15  0:28  Probe (Chrono Boost)  
  15  0:35  Gateway  
  15  0:39  Probe (Chrono Boost)  
  16  0:44  Assimilator  
  16  0:49  Probe (Chrono Boost)  
  17  1:00  Probe (Chrono Boost)  
  18  1:10  Probe (Chrono Boost)  
  19  1:18  Pylon  
  19  1:21  Probe (Chrono Boost)  
  19  1:22  Cybernetics Core  
  20  1:31  Probe (Chrono Boost)  
  21  1:46  Nexus  
  21  1:50  Probe (Chrono Boost)  
  22  1:58  Warp Gate (Chrono Boost)  
  22  1:59  Adept (Chrono Boost)  
  24  2:02  Probe (Chrono Boost)  
  25  2:09  Assimilator  
  25  2:13  Probe (Chrono Boost)  
  26  2:24  Probe (Chrono Boost), Pylon  
  27  2:35  Mothership Core, Adept  
  31  2:57  Probe  
  32  2:58  Probe  
  32  3:05  Robotics Facility  
  33  3:07  Gateway  
  33  3:09  Probe  
  33  3:12  Gateway  
  34  3:17  Probe  
  35  3:21  Probe  
  36  3:33  Adept  
  37  3:35  Probe  
  37  3:36  Probe  
  39  4:02  Probe (Chrono Boost)  
  39  4:03  Probe (Chrono Boost)  
  39  4:06  Observer  
  41  4:13  Probe (Chrono Boost)  
  41  4:14  Probe (Chrono Boost)  
  44  4:24  Probe (Chrono Boost)  
  44  4:25  Probe (Chrono Boost)  
  45  4:38  Assimilator  
  45  4:44  Probe x2 (Chrono Boost)  
  42  4:56  Probe x2 (Chrono Boost)  
  44  5:00  Pylon  
  44  5:03  Immortal  
  44  5:07  Probe x2 (Chrono Boost)  
  50  5:14  Pylon  
  50  5:17  Probe x2 (Chrono Boost)  
  52  5:23  Stalker x3  
  52  5:28  Probe x2 (Chrono Boost)  
  60  5:38  Probe x2 (Chrono Boost)  
  60  5:40  Twilight Council  
  60  5:41  Pylon  
  62  5:49  Probe x2 (Chrono Boost)  
  62  5:54  Stalker  
  62  5:55  Stalker  
  66  5:57  Adept  
  60  6:13  Immortal  
  64  6:25  Zealot  
  62  6:29  Adept  
  56  6:33  Adept x3  
  41  6:54  Adept x3  
  40  7:09  Probe x2 (Chrono Boost)  
  42  7:16  Warp Prism  
  42  7:21  Pylon  
  42  7:22  Stalker x2  
  46  7:23  Stalker  
  50  7:35  Robotics Bay  
  50  7:36  Pylon  
  49  7:46  Mothership Core (Chrono Boost), Probe (Chrono Boost)  
  49  7:48  Zealot x3  
  58  7:56  Probe (Chrono Boost)  
  59  8:11  Stalker  
  59  8:12  Stalker  
  63  8:31  Zealot  
  59  8:37  Probe x2 (Chrono Boost)  
  59  8:45  Pylon  
  59  8:46  Pylon  
  59  8:47  Probe x2 (Chrono Boost)  
  61  8:52  Stalker x2  
  61  8:53  Stalker  
  67  8:58  Probe x2 (Chrono Boost)  
  67  9:35  Zealot x3  
  62  9:44  Probe x2 (Chrono Boost)  
  56  9:54  Probe (Chrono Boost)  
  56  9:57  Adept x3  
  61  10:02  Probe (Chrono Boost), Blink  
  60  10:10  Assimilator  
  58  10:21  Adept x2  
  60  10:43  Probe x2 (Chrono Boost)  
  58  11:00  Adept x3  
  64  11:06  Probe x2 (Chrono Boost)  
  65  12:00  Adept x3  
  71  12:06  Pylon  
Tags
 
Add a new tag
Caveats
  • Supply blocks, unpowered buildings, or Contaminate may cause inaccurate times.
  • Supply counts are checked every 10 seconds.